 Dungeon Crawl Stone Soup version 0.27.0-65-ge2af304b15 (webtiles) character file.

Game seed: 676347278864249971

27818 robertstho the Eclecticist (level 13, -7/92 HPs)
             Began as a Djinni Fire Elementalist on Aug 17, 2021.
             Was an Initiate of Gozag.
             Shot with an arrow by Nessos (15 damage)
             ... on level 14 of the Dungeon on Aug 18, 2021.
             The game lasted 00:30:54 (15539 turns).

robertstho the Eclecticist (DjFE)                  Turns: 15539, Time: 00:30:55

Health: -7/92      AC: 19    Str:  7    XL:     13   Next: 68%
Gold:   565        EV: 12    Int: 27    God:    Gozag SH:  5 Dex: 18

rFire    + + .     SeeInvis .   P - +3 trident "Uhazoposh" {elec, Int+2 Stlth+}
rCold    x . .     Faith    .   (no shield)
rNeg     . . .     Spirit   .   l - +5 scale mail "Unleshy" {rElec Dex+4}
rPois    ∞         Reflect  +   d - +1 helmet {Int+3}
rElec    +         Harm     .   y - +2 cloak
rCorr    .         Rampage  .   N - +1 pair of gloves {Stlth+}
Will     +....                  (boots unavailable)
Stlth    ++++......             V - amulet of reflection
HPRegen  0.25/turn              f - +4 ring of slaying
MPRegen  0.00/turn              B - +4 ring of evasion

@: gold aura, flying, studying Spellcasting
A: sickness immunity, fire resistance 2, cold vulnerability 1, float, innate
caster, hp casting, extra vitality 1
a: Renounce Religion, Potion Petition, Call Merchant, Bribe Branch


You were on level 14 of the Dungeon.
You worshipped Gozag.
Gozag was pleased with you.
You visited 3 branches of the dungeon, and saw 17 of its levels.
You also visited: Sewer.

You collected 2231 gold pieces.
You spent 976 gold pieces at shops.
You paid 690 gold pieces to Gozag.

Inventory:

Hand Weapons
 i - a +1 short sword of flaming
 v - the +4 trident of Imminent Death {vorpal, Stlth+}
   (You found it on level 4 of the Dungeon)

   It inflicts extra damage upon your enemies.
   Stlth:     It makes you more stealthy.
 J - a +0 halberd of flaming
 M - the +9 dagger of Armageddon {vorpal, rCorr Stlth+}
   (You found it on level 8 of the Dungeon)

   It inflicts extra damage upon your enemies.
   rCorr:     It protects you from acid and corrosion.
   Stlth:     It makes you more stealthy.
 P - the +3 trident "Uhazoposh" (weapon) {elec, Int+2 Stlth+}
   (You took it off a kobold on level 11 of the Dungeon)

   It occasionally discharges a powerful burst of electricity upon striking a
   foe.
   Int:       It affects your intelligence (+2).
   Stlth:     It makes you more stealthy.
Missiles
 I - 4 throwing nets
Armour
 a - a +1 robe
 d - a +1 helmet of intelligence (worn)
 l - the +5 scale mail "Unleshy" (worn) {rElec Dex+4}
   (You bought it in a shop on level 10 of the Dungeon)

   Dex:       It affects your dexterity (+4).
   rElec:     It insulates you from electricity.
 y - a +2 cloak (worn)
 N - a +1 pair of gloves of stealth (worn)
Jewellery
 f - a +4 ring of slaying (left hand)
 j - an amulet of regeneration
 p - a ring of resist corrosion
 w - a +6 ring of dexterity
 B - a +4 ring of evasion (right hand)
 H - a ring of fire
 R - a +6 ring of strength
 V - an amulet of reflection (around neck)
 W - a ring of positive energy
Wands
 A - a wand of acid (11)
 O - a wand of flame (13)
 Q - a wand of iceblast (23)
 T - a wand of paralysis (12)
Scrolls
 b - 7 scrolls of enchant armour
 c - a scroll of vulnerability
 q - 3 scrolls of torment
 u - 3 scrolls of enchant weapon
 x - 3 scrolls of blinking
 C - a scroll of immolation
 D - a scroll of brand weapon
 F - 2 scrolls of fog
 L - a scroll of magic mapping
 S - a scroll of summoning
Potions
 e - 2 potions of cancellation
 g - 10 potions of haste
 k - 8 potions of curing
 n - 4 potions of mutation {unknown}
 o - 5 potions of lignification {unknown}
 r - a potion of resistance {unknown}
 s - a potion of might {unknown}
 t - a potion of ambrosia {unknown}
 z - 2 potions of attraction {unknown}
 E - 2 potions of magic {unknown}
 G - a potion of flight {unknown}
 K - 2 potions of brilliance {unknown}
Miscellaneous
 U - a box of beasts


   Skills:
 * Level 8.2 Fighting
 + Level 2.3 Short Blades
 + Level 1.6 Polearms
 + Level 2.9 Armour
 + Level 4.0 Dodging
 + Level 4.4 Stealth
 + Level 1.0 Shields
 * Level 15.1 Spellcasting


You had 7 spell levels left.
You knew the following spells:

 Your Spells              Type           Power      Damage    Failure   Level
a - Foxfire               Conj/Fire      100%       2x1d9     1%          1
b - Conjure Flame         Conj/Fire      80%        6-21      1%          3
c - Inner Flame           Hex/Fire       80%        N/A       1%          3
d - Sticky Flame          Conj/Fire      80%        2d9       1%          4
e - Fireball              Conj/Fire      40%        3d16      1%          5
f - Shock                 Conj/Air       100%       1d9       1%          1
g - Static Discharge      Conj/Air       80%        N/A       1%          2
h - Frozen Ramparts       Ice            100%       1d12      1%          3
i - Gell's Gravitas       Tloc           40%        N/A       1%          3
j - Alistair's Intoxicat  Tmut/Pois      53%        N/A       1%          5
k - Lightning Bolt        Conj/Air       40%        1d59      1%          5
Your spell library was empty.

Dungeon Overview and Level Annotations

Branches:
Dungeon (12/15)            Temple (1/1) D:5            Lair (3/6) D:8
    Orc (0/2) D:12         Vaults (0/5) D:14          Sewer (visited)
  Swamp: Lair:2-4    Shoals: Lair:2-4     Snake: Lair:2-4    Spider: Lair:2-4

Altars:
Ashenzari
Fedhas
Gozag
Okawaru
Trog
Zin

Shops:
D:5 (   D:10 =[

Annotations:
D:4 2 runed translucent doors, Krazlmac's ghost, novice HuFi
D:5 2 transporters, stebl's ghost, novice DEIE
D:9 2 runed translucent doors
D:14 Frances; Nessos
Lair:1 3 runed translucent doors, Krazlmac's ghost, journeyman TrFi


Innate Abilities, Weirdness & Mutations

You are immune to sickness and miasma.
You are immune to poison.
Your flesh is very heat resistant. (rF++)
You are vulnerable to cold. (rC-)
You float through the air rather than walking.
You learn spells naturally, not from books.
Your magical power is your life essence.
You have superior vitality. (+4 HP)


Message History

The purple ugly thing collides with the human!
The purple ugly thing collides with the purple ugly thing!
The human collides with the purple ugly thing!
The purple ugly thing collides with the purple ugly thing!
The human collides with the purple ugly thing!
You kill the purple ugly thing!
The purple ugly thing collides with the human!
The purple ugly thing basks in the mutagenic energy from its kin and changes!
The purple ugly thing headbutts you but does no damage.
Casting: Gell's Gravitas (safe; 1% risk of failure)
Confirm with . or Enter, or press ? or * to list all spells.
Aiming: Gell's Gravitas (safe; 1% risk of failure)
Press: ? - help, Dir - move target, f - purple ugly thing
Aim: a purple ugly thing (lightly wounded) Gravity reorients around the purple ugly thing.
The purple ugly thing collides with the purple ugly thing!
The green ugly thing collides with the purple ugly thing!
The human collides with the purple ugly thing!
The purple ugly thing collides with the green ugly thing!
The human collides with the human!
* * * LOW HITPOINT WARNING * * *
Your surroundings suddenly seem different.
Found a gate to the Vaults.
Found two stone staircases leading up and a stone staircase leading down.
An acid dragon comes into view.
Blink to where?
Press: ? - help, Dir - move target
As you read the scroll of blinking, it crumbles to dust.
Nessos the Markscentaur comes into view.
They are wielding a +0 trident.
The acid dragon is distracted by your dazzling golden aura.
Nessos casts a spell.
Nessos seems to speed up.
Nessos unwields a +0 trident.
Nessos wields a +2 longbow of flaming.
It bursts into flame!
Nessos shoots an arrow.
The arrow hits you!!
* * * LOW HITPOINT WARNING * * *
The arrow burns you.
* * * LOW HITPOINT WARNING * * *
Nessos shoots an arrow.
The arrow hits you!
You die...
Your body crumbles into a pile of gold.

..........# .$.........
.. ... $
..........###.#######...
.....$...##.............
.........#.............#
.......p................
.....cc..>...............
................
.......@>.......
c......D<......W
................
................ .......
................ ........
...^............
........................#
..)......#.####.....#....
..........# #......#..#


You could see Nessos (fast) and an acid dragon (wandering).

Vanquished Creatures
  Josephine (D:10)
  Harold (D:7)
  A hydra (Lair:2)
  3 boulder beetles
  Erolcha (D:10)
  A centaur warrior (D:14)
  2 two-headed ogres (D:12)
  3 skeletal warriors (D:11)
  An orc knight (D:12)
  An ugly thing (D:14)
  3 manticores (D:14)
  Joseph (D:7)
  2 black mambas
  5 cane toads
  2 kobold demonologists (D:11)
  A gargoyle (D:12)
  3 komodo dragons
  2 trolls (D:11)
  3 meliai (D:10)
  Grinder (D:6)
  2 hornets (D:11)
  A wyvern (D:5)
  4 wraiths (D:10)
  A shadow (D:10)
  A basilisk (Lair:2)
  12 yaks
  2 steam dragons
  4 humans (D:14)
  4 vampire mosquitoes (D:14)
  Menkaure (D:6)
  Edmund (D:6)
  5 water moccasins
  An acid dragon (D:9)
  3 orc warriors
  Duvessa (D:7)
  3 sky beasts
  2 hornet zombies
  A necrophage (D:7)
  2 black bears (D:6)
  An ogre (D:2)
  8 wolves
  11 centaurs
  A phantom (D:5)
  Blork the orc (D:4)
  4 kobold brigands
  4 bullfrogs
  5 scorpions
  3 wyvern zombies
  A water moccasin zombie (D:5)
  A wyvern skeleton (D:6)
  Dowan (D:7)
  2 water moccasin skeletons
  4 wights (D:6)
  15 killer bees
  6 electric eels
  6 howler monkeys
  3 bullfrog zombies
  3 hounds
  3 centaur zombies
  7 orc priests
  A gnoll shaman (D:4)
  Jessica (D:3)
  4 iguanas
  9 orc wizards
  6 gnolls
  6 adders
  3 river rats
  A white imp (D:6)
  2 worms
  A dart slug (D:2)
  26 orcs
  7 ball pythons
  5 bats
  9 endoplasms
  6 giant cockroaches
  3 goblins
  5 hobgoblins
  5 jackals (D:2)
  4 quokkas
  9 frilled lizards
  18 kobolds
  8 rats
318 creatures vanquished.

Vanquished Creatures (others)
  A centaur simulacrum (D:9)
  A howler monkey simulacrum (D:9)
  419 foxfires
  2 fungi (Lair:2)
  9 plants
432 creatures vanquished.

Grand Total: 750 creatures vanquished

Notes
Turn   | Place    | Note
-------+----------+-------------------------------------------
     0 | D:1      | robertstho the Djinni Fire Elementalist began the quest for
                  | the Orb.
     0 | D:1      | Reached XP level 1. HP: 15/15 MP: 0/0
   554 | D:1      | Reached XP level 2. HP: 19/21 MP: 0/0
   924 | D:1      | Reached skill level 3 in Spellcasting
   985 | D:1      | Found a faded altar of an unknown god.
  1024 | D:1      | Reached XP level 3. HP: 25/25 MP: 0/0
  1024 | D:1      | Learned a level 1 spell: Shock
  1519 | D:2      | Reached XP level 4. HP: 31/31 MP: 0/0
  1602 | D:2      | Noticed an ogre
  1610 | D:2      | Killed an ogre
  1611 | D:2      | Reached skill level 1 in Fighting
  1611 | D:2      | Reached skill level 4 in Spellcasting
  1611 | D:2      | Reached XP level 5. HP: 37/37 MP: 0/0
  1611 | D:2      | Learned a level 2 spell: Static Discharge
  2195 | D:3      | Reached XP level 6. HP: 24/43 MP: 0/0
  2240 | D:3      | Noticed Jessica
  2244 | D:3      | Killed Jessica
  2764 | D:4      | Identified the +4 trident of Imminent Death {vorpal,
                  | Stlth+}
  2921 | D:4      | Found a large runed translucent door.
  2922 | D:4      | Found a large runed translucent door.
  2929 | D:4      | Noticed Krazlmac's ghost (novice HuFi)
  3142 | D:4      | Reached skill level 5 in Spellcasting
  3385 | D:4      | Noticed Blork the orc
  3391 | D:4      | Killed Blork the orc
  3392 | D:4      | Reached XP level 7. HP: 49/49 MP: 0/0
  3392 | D:4      | Learned a level 3 spell: Frozen Ramparts
  3608 | D:5      | Entered Level 5 of the Dungeon
  3741 | D:5      | Found Cocwebr Neoss's Weapon Shop.
  3742 | D:5      | Noticed a wyvern
  3753 | D:5      | Killed a wyvern
  3754 | D:5      | Reached skill level 6 in Spellcasting
  3754 | D:5      | Reached XP level 8. HP: 31/55 MP: 0/0
  3811 | D:5      | Found an iron altar of Okawaru.
  3826 | D:5      | Reached skill level 7 in Spellcasting
  3887 | D:5      | Found a staircase to the Ecumenical Temple.
  3932 | D:5      | Found a blossoming altar of Fedhas.
  4016 | D:5      | Noticed stebl's ghost (novice DEIE)
  4017 | D:5      | Found a transporter.
  4022 | D:5      | Found a transporter.
  4309 | D:6      | Reached XP level 9. HP: 61/61 MP: 0/0
  4309 | D:6      | Learned a level 3 spell: Gell's Gravitas
  4352 | D:6      | Identified 2 scrolls of acquirement
  4362 | D:6      | Acquired a +4 ring of slaying
  4365 | D:6      | Acquired a +1 helmet of intelligence
  4382 | D:6      | Reached skill level 8 in Spellcasting
  4407 | D:6      | Noticed Menkaure
  4410 | D:6      | Killed Menkaure
  4611 | D:6      | Found a glowing drain.
  4611 | D:6      | Noticed Edmund
  4621 | Sewer    | Entered a sewer
  5001 | D:6      | Killed Edmund
  5052 | D:6      | Noticed Grinder
  5055 | D:6      | Killed Grinder
  5229 | D:6      | Reached skill level 9 in Spellcasting
  5247 | Temple   | Entered the Ecumenical Temple
  5254 | Temple   | Became a worshipper of Gozag Ym Sagoz the Greedy
  5452 | D:7      | Noticed Harold
  5461 | D:7      | Killed Harold
  5462 | D:7      | Reached XP level 10. HP: 19/69 MP: 0/0
  5562 | D:7      | Reached skill level 5 in Fighting
  5691 | D:7      | Reached skill level 1 in Polearms
  5740 | D:7      | Reached skill level 10 in Spellcasting
  5774 | D:7      | Noticed Dowan
  5775 | D:7      | Noticed Duvessa
  5776 | D:7      | Killed Dowan
  5822 | D:7      | Killed Duvessa
  5926 | D:7      | Noticed Joseph
  5930 | D:7      | Killed Joseph
  6149 | D:8      | Identified the +9 dagger of Armageddon {vorpal, rCorr
                  | Stlth+}
  6364 | D:8      | Reached XP level 11. HP: 60/76 MP: 0/0
  6364 | D:8      | Learned a level 5 spell: Alistair's Intoxication
  6675 | D:8      | Found a staircase to the Lair.
  6865 | D:9      | Reached skill level 11 in Spellcasting
  7236 | D:9      | Reached skill level 1 in Short Blades
  7609 | D:9      | Found a runed translucent door.
  7609 | D:9      | Found a runed translucent door.
  7609 | D:9      | Noticed a centaur warrior
  7609 | D:9      | Noticed a two-headed ogre
  7609 | D:9      | Noticed a cyclops
  7693 | D:10     | Entered Level 10 of the Dungeon
  7694 | D:10     | Noticed Erolcha
  7699 | D:10     | Killed Erolcha
  7921 | D:10     | Found Naesygh's Jewellery Shop.
  7929 | D:10     | Bought an amulet of reflection for 360 gold pieces
  8711 | D:10     | Noticed Josephine
  8717 | D:10     | Killed Josephine
  8719 | D:10     | Reached skill level 12 in Spellcasting
  9240 | D:11     | Identified the +3 trident "Uhazoposh" {elec, Int+2 Stlth+}
  9244 | D:11     | Reached XP level 12. HP: 29/84 MP: 0/0
  9263 | D:11     | Noticed a boulder beetle
  9625 | Lair:1   | Entered Level 1 of the Lair of Beasts
 10103 | Lair:1   | Found a runed translucent gate.
 10104 | Lair:1   | Found a runed translucent gate.
 10104 | Lair:1   | Found a runed translucent gate.
 10108 | Lair:1   | Noticed Krazlmac's ghost (journeyman TrFi)
 10880 | Lair:2   | Noticed a four-headed hydra
 11615 | Lair:2   | Killed a four-headed hydra
 11616 | Lair:2   | Reached skill level 13 in Spellcasting
 12650 | D:10     | Bought the +5 scale mail "Unleshy" {rElec Dex+4} for 616
                  | gold pieces
 12660 | D:10     | Upgraded the game from 0.27.0-1-g7a089689b8 to
                  | 0.27.0-65-ge2af304b15
 12753 | D:11     | Killed a boulder beetle
 13040 | D:11     | Noticed a skeletal warrior
 13041 | D:11     | Noticed a skeletal warrior
 13042 | D:11     | Noticed a skeletal warrior
 13046 | D:11     | Killed a skeletal warrior
 13054 | D:11     | Killed a skeletal warrior
 13055 | D:11     | Killed a skeletal warrior
 13056 | D:11     | Reached XP level 13. HP: 33/92 MP: 0/0
 13056 | D:11     | Learned a level 5 spell: Lightning Bolt
 14129 | D:11     | Noticed a boulder beetle
 14143 | D:11     | Killed a boulder beetle
 14144 | D:11     | Reached skill level 1 in Armour
 14144 | D:11     | Reached skill level 14 in Spellcasting
 14605 | D:11     | Acquired a manual of Spellcasting
 14801 | D:12     | Found a staircase to the Orcish Mines.
 15121 | D:12     | You are sucked into a shaft and drop 2 floors!
 15121 | D:14     | Noticed Frances
 15122 | D:14     | Noticed a centaur warrior
 15187 | D:14     | Noticed a centaur warrior
 15188 | D:14     | Noticed a centaur warrior
 15188 | D:14     | HP: 1/92 [centaur warrior/arrow (12)]
 15226 | D:14     | Reached skill level 1 in Shields
 15506 | D:14     | Noticed a boulder beetle
 15511 | D:14     | Killed a boulder beetle
 15515 | D:14     | Killed a centaur warrior
 15517 | D:14     | Reached skill level 15 in Spellcasting
 15537 | D:14     | Found a gate to the Vaults.
 15538 | D:14     | Noticed Nessos
 15539 | D:14     | Shot with an arrow by Nessos

Illustrated notes

Levels and vault maps discovered:
D:1:      dpeg_arrival_three_bigger_balls, layout_rooms, basic_ecumenical_altar,
          minmay_nonomino_d4
D:2:      minmay_recursive_quarters, layout_loops_ring,
          hangedman_abyss_or_decor_lesser_grid
D:3:      layout_loops_ring, uniq_jessica
D:4:      layout_cave_pods, ebering_ghost_disaster_area, uniq_blork_the_orc
D:5:      layout_rooms, okawaru_trees_2, mainiacjoe_overflow_24_doors,
          minmay_temple_entry_from_below_a, gammafunk_ghost_hive, serial_shops,
          shop
D:6:      minmay_evil_eye, layout_cave_pools, portal_sewer_entry_a,
          grunt_decor_clamped, nrook_campfire, uniq_menkaure, uniq_edmund,
          uniq_grinder
D:7:      layout_basic, minmay_misc_feat_rugged, dk_noncrumbling_4,
          kennysheep_diamond, eino_jars, uniq_joseph, uniq_harold, uniq_duvessa
D:8:      layout_rooms, lair_entry_dummy, minmay_fractal_squares_diagonal_5
D:9:      minmay_the_grid_triangle_9x9_rhombus_full
          [minmay_the_grid_triangle_9x9_sparse_checkered,
          minmay_the_grid_triangle_9x9_swiss_cheese,
          minmay_the_grid_triangle_9x9_corruption,
          minmay_the_grid_triangle_9x9_odd_lines,
          minmay_the_grid_triangle_9x9_longest,
          minmay_the_grid_triangle_9x9_warning,
          minmay_the_grid_triangle_9x9_tough_junction,
          minmay_the_grid_triangle_9x9_prize_schism], layout_basic
D:10:     layout_basic, serial_shops, shop, uniq_josephine, uniq_erolcha
D:11:     layout_loops_corners
D:12:     layout_long_grid, orc_david_3, nicolae_trove_entry_path_of_doom,
          serial_bayou_crossing
D:14:     layout_cross, david_vaults_3, nicolae_two_hexagons, uniq_nessos,
          uniq_agnes, uniq_frances
Temple:   regret_index_temple_chain_breaker
Lair:1:   layout_cave_pods, gammafunk_ghost_necromancy, serial_bayou_shore_a,
          serial_bayou_shore_b
Lair:2:   layout_chaotic_city, serial_bayou_pond_e, grunt_megastairs_5,
          lemuel_fruit_tree
Lair:3:   layout_misc_corridors, gammafunk_ghost_berserking_beasts,
          grunt_megastairs_2, minmay_lair_oklob_chamber

Skill      XL: |  1  2  3  4  5  6  7  8  9 10 11 12 13 |
---------------+----------------------------------------+-----
Spellcasting   | 3 4 5 6 7 9 10 12 13 15 | 15.1
Fighting       | 1 2 3 4 5 6 7 8 |  8.2
Stealth        | 2 3 4 |  4.4
Dodging        | 3 4 |  4.0
Polearms       | 1 |  1.6
Short Blades   | 1 2 |  2.3
Armour         | 2 |  2.9
Shields        | 1 |  1.0

Action                   |  1- 3 |  4- 6 |  7- 9 | 10-12 | 13-15 || total
-------------------------+-------+-------+-------+-------+-------++-------
Melee: Short sword       |     2 |     2 |       |       |       ||     4
       Trident           |       |       |     3 |     4 |       ||     7
       Dagger            |       |       |       |    20 |    15 ||    35
 Cast: Foxfire           |    97 |   124 |    65 |       |       ||   286
       Sticky Flame      |       |       |    17 |    27 |     7 ||    51
       Fireball          |       |       |    43 |   179 |    57 ||   279
       Frozen Ramparts   |       |       |     1 |     2 |       ||     3
       Static Discharge  |       |       |       |     5 |       ||     5
       Gell's Gravitas   |       |       |       |     8 |     6 ||    14
       Lightning Bolt    |       |       |       |       |     7 ||     7
       Conjure Flame     |       |       |       |       |     1 ||     1
       Alistair's Intoxi |       |       |       |       |     1 ||     1
Invok: Call Merchant     |       |       |       |     1 |       ||     1
  Use: Scroll            |     4 |       |    13 |     6 |     8 ||    31
       Potion            |       |       |       |     2 |     7 ||     9
 Stab: Distracted        |       |       |       |     2 |       ||     2
Armor: Robe              |       |     7 |    11 |    15 |       ||    33
       Scale mail        |       |       |       |       |    22 ||    22
Dodge: Dodged            |     3 |    10 |    23 |    55 |    25 ||   116
Block: Other             |       |       |       |    10 |    13 ||    23
       Reflection        |       |       |       |     2 |     2 ||     4
